Map: Chain of Ascension

Players

monk

  • Race: Terran Terran
  • Spawn Location: 11:00

sniper

  • Race: Terran Terran
  • Spawn Location: 11:00

VOD

Have the link to the VOD?

Description

Time

  • Played on: July 28, 2017, 4:56 p.m.
  • Length: 21:34
Show
View Real Time Build Order
Export as new Build Order

monk Terran 

Build Orders:  

Get SALT Encoding   

  12  0:03  SCV  
  13  0:20  SCV  
  13  0:27  Refinery  
  14  0:37  SCV  
  15  0:46  Refinery  
  15  0:54  SCV  
  16  1:11  SCV  
  16  1:17  Barracks  
  17  1:28  SCV  
  18  1:44  SCV  
  19  2:01  SCV  
  20  2:18  SCV  
  21  2:26  Factory  
  21  2:32  Command Center  
  21  2:35  SCV  
  22  2:47  Engineering Bay  
  22  2:53  SCV  
  22  2:55  Barracks Tech Lab  
  23  3:10  SCV  
  24  3:24  Super Stimpack  
  24  3:27  SCV  
  25  3:30  Starport  
  25  3:37  Terran Infantry Weapons Level 1  
  25  4:09  Laser Targeting System  
  25  4:29  SCV  
  26  4:34  Elite Marine  
  30  4:59  SCV  
  31  5:16  Starport Tech Lab, Refinery, Factory Tech Lab, SCV  
  32  5:21  Refinery  
  32  5:32  SCV  
  33  5:56  SCV x2  
  33  5:59  Raid Artillery  
  35  6:14  Armory  
  35  6:15  SCV x2  
  37  6:32  SCV  
  38  6:52  Raid Liberator  
  38  6:59  Defensive Drone  
  44  7:25  Elite Marine  
  44  7:27  SCV x2  
  50  7:41  Terran Vehicle and Ship Weapons Level 1, Terran Infantry Weapons Level 2  
  50  7:45  Enhanced Manufacturing  
  50  8:01  SCV x2  
  52  8:18  SCV  
  53  8:26  Raven Type-II  
  55  8:30  Covert Triage  
  55  8:50  Defensive Drone  
  55  9:15  Smart Servos  
  55  9:34  Raven Type-II  
  57  9:47  Railgun Turret  
  57  10:24  Terran Vehicle and Ship Weapons Level 2  
  57  10:36  Ares-Class Targeting System  
  57  11:04  Tactical Airlift  
  57  11:06  Lockdown Missiles  
  57  11:09  Raid Liberator  
  63  11:29  Defensive Drone  
  63  11:38  Defensive Drone  
  63  11:40  Railgun Turret  
  63  11:56  Railgun Turret x2  
  63  11:57  Railgun Turret x2  
  63  11:58  Railgun Turret  
  63  12:05  Terran Infantry Weapons Level 3  
  63  12:11  Strike Goliath  
  69  12:30  Elite Marine  
  73  12:49  Strike Goliath  
  79  13:07  Tactical Airlift  
  79  13:39  Defensive Drone  
  78  14:01  Terran Vehicle and Ship Weapons Level 3  
  78  14:28  Griffin Airstrike  
  78  14:48  Strike Goliath  
  84  14:52  Raven Type-II  
  86  15:37  Defensive Drone  
  86  16:12  Defensive Drone  
  86  16:24  Griffin Airstrike  
  86  16:39  Spider Mines  
  86  16:42  Defensive Drone  
  86  16:53  Railgun Turret x2  
  86  16:54  Railgun Turret x3  
  86  16:55  Railgun Turret x2  
  86  16:56  Railgun Turret  
  86  17:01  Heavy Siege Tank x2  
  98  17:18  Railgun Turret  
  98  17:30  Railgun Turret x2  
  98  17:31  Defensive Drone  
  98  17:35  Defensive Drone  
  93  17:55  Defensive Drone  
  93  18:04  SCV  
  93  18:17  Griffin Airstrike  
  93  18:22  Heavy Siege Tank  
  99  18:49  Griffin Airstrike  
  98  20:06  Defensive Drone  
  98  20:25  Griffin Airstrike  
  90  20:42  Railgun Turret  
  90  20:43  Railgun Turret  
Show
View Real Time Build Order
Export as new Build Order

sniper Terran 

Build Orders:  

Get SALT Encoding   

  8  19:29  SCV  
  9  19:46  SCV  
  10  20:03  SCV  
Tags
 
Add a new tag
Caveats
  • Supply blocks, unpowered buildings, or Contaminate may cause inaccurate times.
  • Supply counts are checked every 10 seconds.